Quite the comeback from certain doom

Match 7542132
End
Panzergrenadier Squad
Selects Armored Suppot Battlegroup
Panzergrenadier Squad
Construct Light Support Kompanie
2.5-tonne Medical Truck
Assault Grenadier Squad
Selects Superior Fire Drills
Construct Mechanized Kompanie
Assault Mechanized Group
8 Rad Armored Car
Selects Flammpanzer III Medium Tank Sd.Kfz. 141
Panzerjäger Mechanized Group
Selects Salvage Kits
Construct Panzerarmee Kommand
Panzer III L Medium Tank
Emergency Repair Kits
Tungsten Core Ammunition
Vehicle Survival Package
Advanced Field Repairs
Flammpanzer III Medium Tank
Selects Command Panzer IV F Medium Tank
Panzerpioneer Squad
Command Panzer IV F Medium Tank
Selects Panzer Storm
Armored Reserves
Panzer IV Assault Group
Rapid Advance
Panzer III L Medium Tank
Panzerpioneer Squad
Selects Stuka Anti-tank Loiter
Stuka Anti-tank Loiter
Panzer III L Medium Tank
Panzerpioneer Squad
Panzerpioneer Squad
Stuka Anti-tank Loiter
Stuka Anti-tank Loiter
Panzer IV Assault Group
Panzerpioneer Squad
Flammpanzer III Medium Tank
Command Panzer IV F Medium Tank
750155467
TecU
ALPHARIUS
Muad'Dib
L50NdraisaitlSuperFan
HawkNoire
0
0

Comments sign in to comment!

No comments posted yet!